 Dungeon Crawl Stone Soup version 0.28.0 (webtiles) character file.

Game seed: 5162963525173384236

112 SnakkuSnakku7 the Chopper (level 4, -1/39 HPs)
             Began as a Hill Orc Delver on Feb 6, 2022.
             Was an Initiate of Beogh.
             Killed by nerve-wracking pain
             ... invoked by Grinder
              (8 damage)
             ... while paralysed by Grinder
             ... on level 3 of the Dungeon.
             The game lasted 00:06:27 (3309 turns).

SnakkuSnakku7 the Chopper (Hill Orc Delver)         Turns: 3309, Time: 00:06:27

Health: -1/39      AC: 11    Str: 16    XL:     4   Next: 93%
Magic:  4/4        EV:  2    Int: 10    God:    Beogh [......]
Gold:   100        SH:  0    Dex: 12    Spells: 3/3 levels left

rFire   . . .      SeeInvis .   a - +0 hand axe
rCold   . . .      Faith    .   (no shield)
rNeg    . . .      Spirit   .   n - +4 ring mail
rPois   .          Reflect  .   (no helmet)
rElec   .          Harm     +   r - scarf {harm}
rCorr   .          Rampage  .   b - +0 pair of gloves
Will    .....                   t - +0 pair of boots
Stlth   ++........              (no amulet)
HPRegen 0.13/turn               (no ring)
MPRegen 0.09/turn               (no ring)

@: paralysed, mighty
A: no striking features
a: Renounce Religion


You were on level 3 of the Dungeon.
You worshipped Beogh.
Beogh was noncommittal.
You visited 1 branch of the dungeon, and saw 5 of its levels.

You collected 158 gold pieces.
You spent 58 gold pieces at shops.

Inventory:

Hand Weapons
 a - a +0 hand axe (weapon)
 o - a +0 arbalest
Missiles
 h - 4 poisoned darts (quivered)
 p - 13 bolts
Armour
 b - a +0 pair of gloves (worn)
 n - a +4 ring mail (worn)
 r - a scarf of harm (worn)
 t - a +0 pair of boots (worn)
Wands
 g - a wand of digging (3)
Scrolls
 c - 2 scrolls of fog
 d - 3 scrolls of magic mapping
 e - a scroll of fear
 j - a scroll of identify
 l - a scroll of immolation
 m - 4 scrolls of teleportation
 v - a scroll of noise {unknown}
Potions
 f - a potion of haste
 i - a potion of flight
 k - 3 potions of curing
 q - a potion of mutation
 s - a potion of heal wounds


   Skills:
 - Level 3.6 Fighting
 + Level 4.9 Axes
 + Level 2.7 Throwing
 - Level 1.5 Dodging
 - Level 4.1 Stealth


You had 3 spell levels left.
You didn't know any spells.
Your spell library contained the following spells:

 Spells                   Type           Power      Damage    Failure   Level
 Sandblast                Erth           0%         2d4       58%         1
 Passwall                 Tmut/Erth      0%         N/A       73%         2
 Stone Arrow              Conj/Erth      0%         3d7       91%         3
 Hailstorm                Conj/Ice       0%         3d3       100%        4
 Ice Form                 Ice/Tmut       0%         N/A       100%        4
 Simulacrum               Ice/Necr       0%         N/A       100%        6


Dungeon Overview and Level Annotations

Branches:
Dungeon (5/15)
 Temple: D:4-7

Altars:
Ashenzari
Cheibriados
Makhleb
Nemelex Xobeh
Okawaru

Shops:
D:3 ![:

Annotations:
D:3 Grinder


Message History

The endoplasm is heavily wounded.
The endoplasm misses you.
You hit the endoplasm.
You kill the endoplasm!
Beogh accepts your kill.
No target in view!
No target in view!
You start resting.
Grinder is nearby!
You hit Grinder.
Grinder is lightly wounded.
Grinder gestures at you.
You suddenly lose the ability to move!
Grinder gestures at you. Pain shoots through your body!
Grinder hits you but does no damage.
You can move again.
Unknown command.
Unknown command.
Unknown command.
You feel very mighty all of a sudden. Grinder hits you but does no damage.
You slash Grinder!
Grinder is heavily wounded.
Grinder hits you but does no damage.
You slash Grinder!
Grinder is severely wounded.
Grinder drinks a potion.
Grinder is healed!
You closely miss Grinder.
Grinder is severely wounded.
Grinder hits you.
You writhe in agony.
You closely miss Grinder.
Grinder is severely wounded.
Grinder gestures at you.
You suddenly lose the ability to move!
Grinder hits you.
You writhe in agony.
* * * LOW HITPOINT WARNING * * *
Grinder gestures at you. Pain shoots through your body!
You die...

#....### .# #.......#....
...###5.## ..###.......#....
### ..##
....##................ ...
.. #.................#.. ...
#........####.##.#.. ...
##........# #....... ♣..
#.........# #..#...<
##5...######.#.###
###@....#...........
..####...#...#.####.#####
...[....######.# #.#
###.#...# #.# #.#
#.#..#######.####.#
######.#.#.....##...##.#
#........#.....##...##.#
#........#.....##...##.#####
#........#.....##)..##......


You could see Grinder.

Vanquished Creatures
  A centaur zombie (D:4)
  A gnoll (D:1)
  An adder (D:3)
  A worm (D:2)
  2 orcs
  8 ball pythons
  6 endoplasms
  A giant cockroach (D:3)
  9 goblins
  3 hobgoblins
  A jackal (D:1)
  3 kobolds
  4 quokkas
  3 bats
  A frilled lizard (D:2)
  4 rats
49 creatures vanquished.

Notes
Turn   | Place    | Note
-------+----------+-------------------------------------------
     0 | D:5      | SnakkuSnakku7 the Hill Orc Delver began the quest for the
                  | Orb.
     0 | D:5      | Reached XP level 1. HP: 19/19 MP: 1/1
     5 | D:5      | Noticed a black bear
    38 | D:4      | Noticed a necrophage
    54 | D:4      | Noticed a lemure
   236 | D:3      | Noticed an iguana
   468 | D:2      | Reached skill level 1 in Throwing
   468 | D:2      | Reached XP level 2. HP: 16/26 MP: 2/2
   721 | D:1      | Reached XP level 3. HP: 12/31 MP: 3/3
  1170 | D:1      | Found a faded altar of an unknown god.
  2272 | D:3      | Found Lutsan's Distillery.
  2305 | D:3      | Found Gixew's Armour Shop.
  2321 | D:3      | Bought a +0 pair of boots for 45 gold pieces
  2328 | D:3      | Found Pavvue's Book Boutique.
  2329 | D:3      | Noticed Grinder
  2332 | D:3      | Paralysed by Grinder for 2 turns
  2368 | D:3      | Bought a potion of degeneration for 13 gold pieces
  2380 | D:3      | Reached XP level 4. HP: 39/39 MP: 4/4
  2395 | D:4      | Found a snail-covered altar of Cheibriados.
  2401 | D:4      | Found a burning altar of Makhleb.
  2402 | D:4      | Found a sparkling altar of Nemelex Xobeh.
  2405 | D:4      | Found an iron altar of Okawaru.
  2406 | D:4      | Found a broken altar of Ashenzari.
  2615 | D:4      | Noticed a lemure
  2662 | D:3      | Paralysed by Grinder for 6 turns
  3249 | D:3      | Became a worshipper of Beogh the Brigand
  3300 | D:3      | Paralysed by Grinder for 3 turns
  3307 | D:3      | Paralysed by Grinder for 6 turns
  3309 | D:3      | Killed from afar by Grinder

Illustrated notes

Levels and vault maps discovered:
D:1:      lightli_arrival_noodles, layout_basic,
          hellmonk_ecumenical_altar_blasted, chequers_serial_rivers_micro_c,
          st_stairs_3, minmay_box_of_dots
D:2:      layout_loops_cross
D:3:      layout_basic, amcnicky_altar_gilded, serial_shops,
          nicolae_shop_window_shopping, shop, shop_statue, minmay_misc_feat_iff,
          kennysheep_path_1, uniq_grinder
D:4:      layout_gridville, minitemple, uniq_menkaure, uniq_pargi, uniq_pikel
D:5:      layout_layer_cave, temple_statues

Skill      XL: |  1  2  3 |
---------------+----------+-----
Axes           | 3 4 |  4.9
Throwing       | 1 2 |  2.7
Fighting       | |  3.6
Dodging        | |  1.5
Stealth        | |  4.1

Action                   |  1- 3 |  4- 6 || total
-------------------------+-------+-------++-------
Melee: Hand axe          |   118 |    69 ||   187
       Punch             |     1 |     1 ||     2
Throw: Dart              |     3 |       ||     3
Invok: Convert to Beogh  |       |     1 ||     1
  Use: Scroll            |       |     6 ||     6
       Potion            |       |     1 ||     1
 Stab: Sleeping          |     2 |     1 ||     3
       Distracted        |       |     1 ||     1
Armor: Leather armour    |    21 |       ||    21
       Ring mail         |    22 |    52 ||    74
Dodge: Dodged            |    59 |    36 ||    95
